 Dungeon Crawl Stone Soup version 0.30-a0-394-g3e4acdb0ae (webtiles) character file.

Game seed: 2641289650346310052

2625 greasedhog the Covert (level 9, -5/61 HPs)
             Began as an Octopode Fighter on Dec 6, 2022.
             Slain by a slime creature (12 damage)
             ... on level 6 of the Dungeon.
             The game lasted 00:10:27 (6733 turns).

greasedhog the Covert (Octopode Fighter)            Turns: 6733, Time: 00:10:29

Health: -5/61      AC:  5    Str: 15    XL:     9   Next: 60%
Magic:  9/9        EV: 14    Int: 10    God:
Gold:   410        SH:  5    Dex: 16    Spells: 8/8 levels left

rFire   . . .      SeeInvis .    a - +0 rapier
rCold   . . .      Faith    .    b - +0 buckler
rNeg    . . .      Spirit   .    (helmet restricted)
rPois   .          Reflect  .    (no amulet)
rElec   .          Harm     .    m - +4 ring of protection
rCorr   .          Rampage  .    l - ring of flight
Will    .....                    (no ring)
Stlth   ++++++....               (no ring)
HPRegen 0.30/turn                (no ring)
MPRegen 0.11/turn                (no ring)
                                 (no ring)
                                 (no ring)

@: flying
A: almost no armour, amphibious, 8 rings, camouflage 1, gelatinous body 1,
(nimble swimmer 1), tentacles
a: no special abilities


You were on level 6 of the Dungeon.
You visited 2 branches of the dungeon, and saw 8 of its levels.
You also visited: Ossuary.

You collected 410 gold pieces.

Inventory:

Hand Weapons
 a - a +0 rapier (weapon)
 d - a +0 dagger of flaming
Armour
 b - a +0 buckler (worn)
Jewellery
 l - a ring of flight (right tentacle)
 m - a +4 ring of protection (left tentacle)
Wands
 t - a wand of mindburst (7)
Scrolls
 c - 2 scrolls of enchant armour
 e - 3 scrolls of immolation {unknown}
 f - 2 scrolls of poison {unknown}
 g - a scroll of magic mapping {unknown}
 i - 4 scrolls of teleportation
 n - a scroll of fear {unknown}
 v - a scroll of butterflies {unknown}
Potions
 h - 2 potions of resistance
 j - a potion of haste
 k - 2 potions of curing
 o - 3 potions of mutation
 p - a potion of attraction {unknown}
 q - a potion of lignification {unknown}
 r - 2 potions of cancellation
 s - a potion of might
 u - 2 potions of heal wounds {unknown}
 w - 3 potions of brilliance


   Skills:
 - Level 5.1 Fighting
 * Level 7.8 Short Blades
 + Level 3.9 Dodging
 * Level 11.3 Stealth
 - Level 5.0 Shields


You had 8 spell levels left.
You didn't know any spells.
Your spell library was empty.

Dungeon Overview and Level Annotations

Branches:
Dungeon (7/15)             Temple (1/1) D:4         Ossuary (visited)

Altars:
Ashenzari
Elyvilon
Fedhas
Gozag
Kikubaaqudgha
Makhleb
Okawaru
Ru
Sif Muna
Trog
Uskayaw
Vehumet
Wu Jian
Xom
Yredelemnul
The Shining One

Shops:
D:2 [


Innate Abilities, Weirdness & Mutations

You cannot wear most types of armour.
You are amphibious.
You can wear up to eight rings at the same time.
Your skin changes colour to match your surroundings (Stealth+).
Your rubbery body absorbs attacks. (AC +1, EV +1)
((You are camouflaged when in or above water. (Stealth+)))
You have tentacles for arms and can constrict up to eight enemies at once.


Message History

The puff of frost misses you.
The orc wizard casts a spell.
The orc wizard flickers and vanishes!
The orc wizard casts a spell.
The orc wizard flickers and vanishes!
The kobold attacks as you move away! The kobold misses you.
The kobold attacks as you move away!
The kobold hits you with a +0 short sword.
The kobold attacks as you move away! The kobold closely misses you.
The kobold attacks as you move away!
The kobold hits you with a +0 short sword.
There is a stone staircase leading up here.
The kobold barely misses you.
You fly upwards.
Reactivating autopickup.
The slime creature hits you! You block the jelly's attack.
There is a stone staircase leading down here.
Saving game... please wait.
Welcome back, greasedhog the Octopode Fighter.
Press ? for a list of commands and other information.
As you read the scroll labelled PEEVUC BUOSOO, it crumbles to dust.
You feel strangely unstable.
It was a scroll of teleportation.
The slime creature hits you!
* * * LOW HITPOINT WARNING * * *
The jelly hits you.
* * * LOW HITPOINT WARNING * * *
You are splashed with acid!
* * * LOW HITPOINT WARNING * * *
You block the kobold's attack.
It was a potion of brilliance.
You feel clever all of a sudden.
The slime creature completely misses you.
The jelly misses you. The kobold hits you but does no damage.
It was a potion of cancellation.
You feel strangely stable.
Your magical effects are unravelling.
You feel magically purged.
You feel a little less clever now. The slime creature hits you!
You die...

#### ###########'##### ...#
#......^........# ...#
#.....|.........#..
...###..................
........#####......(.....
.#......# ####.###.....
.#......########.# #.....####
.#......##.....KJ# #.# #...#
.+......+.......@# #.####.#.#####
##......##......J# #......#.##<).
#######.......##.###........#####
.###J.........'..................
..##..........##.###........#####
#.##....J.....##.# #........#
...#..........##.# #........#
...#.............# #........#
...'.............# #........#


You could see a slime creature, a jelly and a kobold.

Vanquished Creatures
  A slime creature (D:6)
  Duvessa (D:6)
  3 ice beasts
  A black bear (D:6)
  3 ogres
  A phantom (D:5)
  7 kobold brigands (D:6)
  3 necrophages
  3 water moccasin zombies (Ossuary)
  A scorpion (D:6)
  Dowan (D:6)
  A howler monkey (D:6)
  2 hounds
  3 jellies
  An orc priest (D:5)
  Crazy Yiuf (D:6)
  Natasha (thrice) (D:2)
  4 iguanas
  An orc wizard (D:5)
  2 mummies (Ossuary)
  4 gnolls
  7 adders
  A white imp (D:6)
  An ufetubus (D:6)
  6 adder zombies (Ossuary)
  3 dart slugs
  9 orcs
  8 endoplasms
  5 giant cockroaches
  11 goblins
  4 hobgoblins
  2 jackals (D:2)
  14 kobolds
  4 quokkas
  9 ball pythons
  4 bats
  2 frilled lizards (D:3)
  5 gnoll zombies (Ossuary)
  7 hobgoblin zombies (Ossuary)
  6 kobold zombies (Ossuary)
  4 orc zombies (Ossuary)
  5 rats
164 creatures vanquished.

Vanquished Creatures (others)
  11 fungi (D:6)
  12 plants
  6 toadstools (D:6)
29 creatures vanquished.

Grand Total: 193 creatures vanquished

Notes
Turn   | Place    | Note
-------+----------+-------------------------------------------
     0 | D:1      | greasedhog the Octopode Fighter began the quest for the
                  | Orb.
     0 | D:1      | Reached XP level 1. HP: 16/16 MP: 1/1
   131 | D:1      | Reached skill level 1 in Stealth
   172 | D:1      | Reached XP level 2. HP: 21/21 MP: 2/2
   213 | D:1      | Reached skill level 2 in Stealth
   334 | D:1      | Reached XP level 3. HP: 26/26 MP: 3/3
  1086 | D:2      | Noticed Natasha
  1098 | D:2      | Killed Natasha
  1099 | D:2      | Reached skill level 3 in Stealth
  1099 | D:2      | Reached XP level 4. HP: 8/33 MP: 4/4
  1281 | D:2      | Noticed Natasha
  1295 | D:2      | Killed Natasha
  1321 | D:2      | Noticed Natasha
  1331 | D:2      | Killed Natasha
  1332 | D:2      | Reached skill level 4 in Stealth
  1332 | D:2      | Reached XP level 5. HP: 21/37 MP: 5/5
  1783 | D:2      | Found Oxzaha Iwap's Antique Armour Emporium.
  1922 | D:3      | Found a sacrificial altar of Ru.
  1945 | D:3      | Found a faded altar of an unknown god.
  2074 | D:3      | Reached XP level 6. HP: 43/44 MP: 6/6
  2230 | D:3      | Reached skill level 5 in Stealth
  2348 | D:3      | Found an ancient bone altar of Kikubaaqudgha.
  2600 | D:3      | Found a glowing golden altar of the Shining One.
  2818 | D:4      | Found a sand-covered staircase.
  2825 | Ossuary  | Entered an ossuary
  2849 | Ossuary  | Reached skill level 5 in Fighting
  2931 | Ossuary  | Reached skill level 6 in Stealth
  3016 | Ossuary  | Reached XP level 7. HP: 43/50 MP: 7/7
  3221 | D:4      | Found a broken altar of Ashenzari.
  3225 | D:4      | Saw a vision of the Swamp and the Snake Pit.
  3225 | D:4      | Noticed a naga sharpshooter
  3225 | D:4      | Noticed a salamander
  3225 | D:4      | Noticed a naga mage
  3225 | D:4      | Noticed a bog body
  3225 | D:4      | Noticed a tyrant leech
  3225 | D:4      | Noticed a mana viper
  3226 | D:4      | Noticed a naga
  3226 | D:4      | Noticed a guardian serpent
  3226 | D:4      | Noticed a black mamba
  3226 | D:4      | Noticed a naga ritualist
  3227 | D:4      | Noticed a naga mage
  3383 | D:4      | Found an ornate altar of the Wu Jian Council.
  3463 | D:4      | Found a staircase to the Ecumenical Temple.
  3470 | Temple   | Entered the Ecumenical Temple
  3624 | D:4      | Found a shimmering blue altar of Sif Muna.
  3870 | D:5      | Entered Level 5 of the Dungeon
  4009 | D:5      | Found a hide-covered altar of Uskayaw.
  4073 | D:5      | Reached skill level 7 in Stealth
  4091 | D:5      | Found an opulent altar of Gozag.
  4119 | D:5      | Found a radiant altar of Vehumet.
  4291 | D:5      | Reached skill level 5 in Short Blades
  4291 | D:5      | Reached XP level 8. HP: 55/55 MP: 8/8
  4319 | D:5      | Reached skill level 8 in Stealth
  5111 | D:6      | Reached skill level 9 in Stealth
  5391 | D:6      | HP: 2/55 [kobold brigand/+0 dagger (5)]
  5395 | D:6      | Reached XP level 9. HP: 14/61 MP: 9/9
  5549 | D:6      | Reached skill level 10 in Stealth
  5554 | D:6      | Reached skill level 5 in Shields
  5821 | D:6      | Noticed Duvessa
  5835 | D:6      | Killed Duvessa
  5870 | D:6      | Noticed Dowan
  5878 | D:6      | Killed Dowan
  6190 | D:6      | Reached skill level 11 in Stealth
  6350 | D:6      | Found a runed translucent door.
  6350 | D:6      | Identified the +1 hammer of Kon Imnu {protect, Fly rCorr}
  6351 | D:6      | Noticed Crazy Yiuf
  6358 | D:6      | Killed Crazy Yiuf
  6361 | D:6      | Identified the +4 hammer of Fuil {vorpal, rN+ Int+4}
  6731 | D:6      | Upgraded the game from 0.30-a0-393-g54b8e3be05 to
                  | 0.30-a0-394-g3e4acdb0ae
  6733 | D:6      | Slain by a slime creature

Illustrated notes

Levels and vault maps discovered:
D:1:      dpeg_arrival_tiny_b, layout_loops_ring, nicolae_grassy_gnolls
D:2:      minmay_wonky_spiral, layout_loops_corners, serial_shops,
          nicolae_diamond_shop, grunt_decor_mini_mirrors, eino_tiny_chamber,
          uniq_natasha
D:3:      layout_loops_corners, mainiacjoe_overflow_chevrons, tso_oasis_becter,
          mainiacjoe_overflow_alcove_1, chequers_ecumenical_altar_island,
          st_stairs_14
D:4:      layout_loops_cross, mainiacjoe_overflow_boulevard,
          lemuel_doored_altar, grunt_ashenzari_visionary
          [grunt_ashenzari_visionary_swamp, grunt_ashenzari_visionary_snake],
          temple_green, enter_ossuary_1
D:5:      layout_basic, nicolae_gozag_seed_capital,
          nicolae_overflow_crystal_walls, mainiacjoe_overflow_alcove_2
D:6:      cheibrodos_fertilizer, layout_basic, uniq_duvessa,
          uniq_crazy_yiuf_cottage
D:7:      layout_basic, nicolae_dithmenos_the_darkroom, lemuel_tele_altar,
          marbit_many_paths, nicolae_shop_i_like_big_books
Temple:   hellmonk_temple_beads

Skill      XL: |  1  2  3  4  5  6  7  8  9 |
---------------+----------------------------+-----
Stealth        | 1 2 3 4 6 7 9 11 | 11.3
Fighting       | 4 5 |  5.1
Short Blades   | 3 5 6 7 |  7.8
Shields        | 4 5 |  5.0
Dodging        | |  3.9

Action                   |  1- 3 |  4- 6 |  7- 9 || total
-------------------------+-------+-------+-------++-------
Melee: Rapier            |    58 |   136 |   221 ||   415
       Constrict         |    15 |    36 |    35 ||    86
       Tentacles         |     6 |    33 |    63 ||   102
       Punch             |     1 |     4 |     4 ||     9
  Use: Potion            |     1 |       |     7 ||     8
       Scroll            |       |     5 |     4 ||     9
 Stab: Sleeping          |    10 |    15 |    20 ||    45
       Distracted        |       |     3 |       ||     3
Armor: Skin              |     2 |    20 |    35 ||    57
Dodge: Dodged            |    24 |    78 |    88 ||   190
Block: Buckler           |    14 |    26 |    40 ||    80

Table legend: (Time is in decaauts)
 A = Elapsed time spent in this place.
 B = Non-inter-level travel time spent in this place.
 C = Inter-level travel time spent in this place.
 D = Time resting spent in this place.
 E = Time spent auto-exploring this place.
 F = Levels seen in this place.
 G = Mean time per level.
                   A        B        C        D        E       F      G
               +--------+--------+--------+--------+--------+-----+--------+
         Total |   6735 |   6585 |    150 |    643 |   4652 |   9 |  748.3 |
       Dungeon |   6320 |   6183 |    137 |    643 |   4398 |   7 |  902.9 |
        Temple |    114 |    101 |     13 |      0 |     94 |   1 |  114.0 |
       Ossuary |    300 |    300 |      0 |      0 |    160 |   1 |  300.0 |
               +--------+--------+--------+--------+--------+-----+--------+

Top non-repeatable levels by time:
     D:6: 1418 daAuts
     D:5: 1349 daAuts
     D:2: 1154 daAuts
     D:3: 870 daAuts
     D:1: 780 daAuts
     D:4: 678 daAuts
 Ossuary: 300 daAuts
  Temple: 114 daAuts
     D:7: 69 daAuts
